 Dungeon Sprint DCSS version 0.23.0 (webtiles) character file.

Game seed: 16641928716448125976

114 Kairos the Shield-Bearer (level 5, -5/46 HPs)
             Began as a Formicid Fighter on Feb 12, 2019.
             Killed from afar by a deep elf mage (28 damage)
             ... with a shard of ice
             ... in the Dungeon (Sprint III: "The Ten Rune Challenge").
             The game lasted 00:01:36 (341 turns).

Kairos the Shield-Bearer (Formicid Fighter)          Turns: 341, Time: 00:01:37

Health: -5/46      AC:  7    Str: 22    XL:     5   Next: 19%
Magic:  5/5        EV:  9    Int:  7    God:
Gold:   50         SH: 10    Dex: 10    Spells: 4/4 levels left

rFire    . . .     SeeInvis +   a - +0 quarterstaff
rCold    . . .     Gourm    .   c - +0 shield
rNeg     . . .     Faith    .   b - +0 scale mail
rPois    .         Spirit   .   (helmet unavailable)
rElec    .         Reflect  .   (no cloak)
rCorr    .         Harm     .   (no gloves)
MR       .....                  (no boots)
Stlth    ..........             (no amulet)
HPRegen  0.15/turn              (no ring)
MPRegen  0.09/turn              (no ring)

@: flying
A: permanent stasis, dig shafts and tunnels, four strong arms, antennae 3
a: Dig


You were in the Dungeon.
You were not hungry.

You visited 1 branch You collected 50 gold pieces.

Inventory:

Hand Weapons
 a - a +0 quarterstaff (weapon)
Armour
 b - a +0 scale mail (worn)
 c - a +0 shield (worn)
Scrolls
 k - a scroll of blinking
 o - 2 scrolls of immolation {unknown}
 p - a scroll of enchant armour {unknown}
 q - a scroll of enchant weapon {unknown}
 s - 2 scrolls of identify
 t - a scroll of remove curse {unknown}
Potions
 d - a potion of might
 e - a potion of curing
 h - a potion of haste
 i - 2 potions of magic
 j - 2 potions of berserk rage
 l - a potion of brilliance {unknown}
 n - 4 potions of mutation
 r - 3 potions of flight
Comestibles
 f - 3 rations


   Skills:
 + Level 5.9 Fighting
 + Level 5.0 Staves
 + Level 6.1 Armour
 + Level 0.6 Dodging
 + Level 6.5 Shields


You had 4 spell levels left.
You didn't know any spells.
Your spell library was empty.

Dungeon Overview and Level Annotations

Branches:
Dungeon (1/1)

Altars:
Elyvilon
Zin
The Shining One


Innate Abilities, Weirdness & Mutations

You cannot be hasted, slowed, berserked, paralysed or teleported.
You can dig through walls and to a lower floor.
Your four strong arms can wield two-handed weapons with a shield.
You have a pair of large antennae on your head. (SInv)


Message History

The bolt of cold hits you!!
Ouch! That really hurt!
* * * LOW HITPOINT WARNING * * *
The bolt of cold hits the ice beast.
The ice beast completely resists.
You hit the deep elf mage.
The deep elf mage is lightly wounded.
The ice beast hits you but does no damage. x2
You block the deep elf mage's attack.
You feel much better. The ice beast closely misses you.
You block the ice beast's attack.
You barely miss the deep elf mage.
The deep elf mage is lightly wounded.
You block the deep elf mage's attack. You block the ice beast's attack.
The ice beast hits you. The ice beast freezes you!
You hit the deep elf mage.
The deep elf mage is lightly wounded.
The deep elf mage gestures at you while chanting.
The shard of ice hits you!!
Ouch! That really hurt!
You die...

▓▓▓▓▓▓▓ ▓▓▓ ..'...♣♣♣♣
♣.##### ..#......♣
♣♣.#_Y_# { ###....♣♣♣
..#e@Y# { {
..#....≈♣♣♣♣♣.###'#+###+
..#...≈≈♣♣.♣♣.#..........
..#..≈≈≈≈♣..♣.'.⌠........
#'#..≈≈≈≈≈≈.♣.#...######+
.)#.≈≈≈≈≈≈....#.⌠.# {
..#.≈≈≈≈≈.....#...#
..#.≈≈≈.......#+###
###...........# {{


You could see a deep elf mage and 2 ice beasts.

Vanquished Creatures
  A water elemental (D)
  Jessica (D)
  A human (D)
  2 oozes (D)
  A phantom (D)
  A rat (D)
7 creatures vanquished.

Vanquished Creatures (others)
  2 draconian scorchers (D)
  6 hellions (D)
  A yaktaur (D)
  3 plants (D)
12 creatures vanquished.

Grand Total: 19 creatures vanquished

Notes
Turn   | Place    | Note
-------+----------+-------------------------------------------
     0 | D        | Kairos the Formicid Fighter began the quest for the Orb.
     0 | D        | Reached XP level 1. HP: 18/18 MP: 1/1
    11 | D        | Reached XP level 2. HP: 17/25 MP: 2/2
    48 | D        | Noticed Jessica
    53 | D        | Killed Jessica
    53 | D        | Reached skill level 5 in Armour
    53 | D        | Reached skill level 5 in Shields
    53 | D        | Reached XP level 3. HP: 27/32 MP: 3/3
    87 | D        | Killed a hellion
    87 | D        | Killed a hellion
    88 | D        | Killed a hellion
    88 | D        | Killed a hellion
   124 | D        | Killed a yaktaur
   160 | D        | Killed a white draconian scorcher
   172 | D        | Reached skill level 5 in Fighting
   172 | D        | Reached XP level 4. HP: 22/39 MP: 4/4
   200 | D        | Killed a white draconian scorcher
   204 | D        | Killed a hellion
   204 | D        | Killed a hellion
   322 | D        | Noticed a water elemental
   327 | D        | Killed a water elemental
   327 | D        | Reached skill level 5 in Staves
   327 | D        | Reached XP level 5. HP: 46/46 MP: 5/5
   333 | D        | Found a glowing silver altar of Zin.
   334 | D        | Found a glowing golden altar of the Shining One.
   334 | D        | Found a white marble altar of Elyvilon.
   334 | D        | Noticed a deep elf mage
   336 | D        | Noticed an ice beast
   337 | D        | Noticed an ice beast
   341 | D        | Killed from afar by a deep elf mage

Skill      XL: |  1  2  3  4 |
---------------+-------------+-----
Shields        | 4 5 6 |  6.5
Fighting       | 4 5 |  5.9
Armour         | 4 5 6 |  6.1
Staves         | 3 5 |  5.0
Dodging        | |  0.6

Action                   |  1- 3 |  4- 6 || total
-------------------------+-------+-------++-------
Melee: Quarterstaff      |    38 |     8 ||    46
  Use: Potion            |       |     2 ||     2
Armor: Scale mail        |    11 |     3 ||    14
Dodge: Dodged            |     9 |     5 ||    14
Block: Shield            |    15 |     5 ||    20
